 Dungeon Crawl Stone Soup version 0.16-a0-3889-g45dc0c2 (webtiles) character file.

9745 timbw the Grappler (level 11, 19/95 HPs)
             Began as a Ghoul Fighter on Feb 2, 2015.
             Was a High Priest of Makhleb.
             Quit the game on level 2 of the Orcish Mines.
             The game lasted 00:32:44 (5566 turns).

timbw the Grappler (Ghoul Fighter)                  Turns: 5566, Time: 00:32:44

Health: 19/95      AC: 13    Str: 21    XL:     11   Next: 51%
Magic:  8/8        EV:  7    Int:  5    God:    Makhleb [*****.]
Gold:   651        SH:  8    Dex:  9    Spells: 0 memorised, 10 levels left

rFire  . . .     SeeInvis .       - Unarmed
rCold  + + +     Clarity  .     H - +2 chain mail {rC+}
rNeg   + + +     SustAb   .     c - +0 shield
rPois  ∞         Gourm    .     j - +0 helmet
rElec  .         Spirit   .     (no cloak)
rCorr  .         Warding  .     (no gloves)
rMut   .         Stasis   .     (no boots)
MR     .....                    (no amulet)
Stlth  ..........               q - ring of protection from cold
                                (no ring)

@: rotting, not resistant to hostile enchantments, extremely unstealthy
A: rotting body, claws 1, carnivore 3, cold resistance 1, negative energy
resistance 3, poison resistance, slow healing 1, torment resistance, unbreathing
a: Minor Destruction, Lesser Servant of Makhleb, Major Destruction, Greater
Servant of Makhleb, Renounce Religion


You were on level 2 of the Orcish Mines.
You worshipped Makhleb.
Makhleb was extremely pleased with you.
You were not hungry.

You visited 3 branches of the dungeon, and saw 16 of its levels.
You also visited: Ossuary.

You collected 950 gold pieces.
You spent 299 gold pieces at shops.

Inventory:

Missiles
 k - 8 tomahawks (quivered)
Armour
 b - a +1 scale mail
 c - a +0 shield (worn)
 g - a cursed +0 chain mail
 j - a +0 helmet (worn)
 H - a +2 chain mail of cold resistance (worn)
Jewellery
 q - a ring of protection from cold (right claw)
 s - a cursed ring of teleportation
Magical devices
 D - a wand of digging (11)
Scrolls
 e - 2 scrolls of identify
 f - 4 scrolls of remove curse
 h - 2 scrolls of teleportation
 p - 2 scrolls of noise
 G - 2 scrolls of enchant armour
 I - a scroll of vulnerability
 J - 2 scrolls of recharging
Potions
 a - 2 potions of ambrosia
 d - a potion of restore abilities
 l - a potion of beneficial mutation
 m - 2 potions of flight
 o - a potion of haste
 r - a potion of agility
 t - 2 potions of curing
 u - a potion of brilliance
 v - a potion of lignification
 w - 8 potions of heal wounds
 x - 4 potions of cancellation
 A - a potion of decay
 B - a potion of resistance
 K - a potion of degeneration {unknown}
Books
 y - a book of Death

   Spells                             Type                      Level
   a - Corpse Rot                     Necromancy                   2
   b - Sublimation of Blood           Necromancy                   2
   c - Agony                          Necromancy                   5
   d - Dispel Undead                  Necromancy                   5
   e - Excruciating Wounds            Charms/Necromancy            5
   f - Bolt of Draining               Conjuration/Necromancy       5
 L - a book of Geomancy

   Spells                             Type                      Level
   a - Sandblast                      Earth                        1
   b - Stoneskin                      Transmutation/Earth          2
   c - Passwall                       Transmutation/Earth          3
   d - Stone Arrow                    Conjuration/Earth            3
   e - Petrify                        Transmutation/Earth          4
   f - Lee's Rapid Deconstruction     Earth                        5
Comestibles
 i - a royal jelly
 n - a slice of pizza
 z - 2 meat rations
 F - 4 beef jerkies


   Skills:
 + Level 8.7 Fighting
 + Level 7.2 Armour
 + Level 6.4 Dodging
 - Level 2.6 Shields
 * Level 13.4 Unarmed Combat


You had 10 spell levels left.
You didn't know any spells.

Dungeon Overview and Level Annotations

Branches:
Dungeon (11/15)            Temple (1/1) D:7            Lair (0/8) D:9
    Orc (4/4) D:11
    Elf: Orc:3-4

Altars:
Ashenzari
Cheibriados
Dithmenos
Elyvilon
Gozag
Kikubaaqudgha
Makhleb
Nemelex Xobeh
Qazlal
Ru
Sif Muna
Trog
Vehumet
Xom
Yredelemnul
Zin
The Shining One

Shops:
D:6 [   D:9 ?

Annotations:
D:6 runed door
Orc:2 Saint Roka


Innate Abilities, Weirdness & Mutations

Your body is rotting away.
You thrive on raw meat.
You have sharp fingernails.
You are carnivorous and can eat meat at any time.
Your flesh is cold resistant.
You are immune to negative energy.
Your system is resistant to poisons.
You heal slowly when monsters are visible.
You are immune to unholy pain and torment.
You can survive without breathing.


Message History

* * * LOW HITPOINT WARNING * * *
Saint Roka burns you.
* * * LOW HITPOINT WARNING * * *
The orc wizard hits you but does no damage.
You climb upwards.
There is a stone staircase leading down here.
The orc wizard closely misses you.
Read which item? (? for menu, Esc to quit)
Okay, then.
Drink which item? (? for menu, Esc to quit)
Okay, then.
Unknown command.
Unknown command.
Unknown command.
Level annotation: Saint Roka Welcome back, timbw the Ghoul Fighter.
Blood and souls for Makhleb!
Press ? for a list of commands and other information.
Unknown command.
Are you sure you want to abandon this character and quit the game? (Confirm with "yes".)

##......)[[.........#
###..............[....
...##..................
.......................
...........#............
.......#..#..#..........
........#.......##.<....
....#............##...##.
#....@#.........#.####
##.....o..........#
#................#
##........>.....##
##..)............#
#...)...........##
#................#
##..##.####...#.## ###
### #######


You could see an orc wizard (frenzied).

Vanquished Creatures
  Josephine (D:11)
  Pikel (D:6)
  A hill giant (D:6)
  A centaur zombie (D:11)
  A centaur skeleton (D:11)
  A troll (Orc:3)
  Grinder (D:6)
  Prince Ribbit (D:6)
  A centaur simulacrum (D:11)
  2 hungry ghosts
  6 yaks
  A deep elf fighter (D:9)
  A wyvern (D:4)
  A warg (Orc:2)
  Edmund (D:6)
  The ghost of BLOAX the Slasher, an average DEFi (Ossuary)
  7 orc warriors
  A wasp (D:8)
  An ice beast (D:7)
  3 black bears
  A slave (D:6)
  2 phantoms (D:11)
  2 crocodiles
  7 ogres
  2 centaurs (D:8)
  A brain worm (D:11)
  2 giant frogs (D:7)
  9 killer bees
  4 scorpions
  4 troll zombies (D:11)
  A quasit (D:9)
  4 crimson imps
  3 hounds
  A giant frog skeleton (D:11)
  12 orc priests
  13 orc wizards
  2 jellies
  Natasha (thrice) (D:4)
  2 iguanas (D:6)
  2 worker ants (D:4)
  4 ogre zombies (D:11)
  2 big kobold zombies (Ossuary)
  2 hound zombies
  2 hound skeletons
  8 mummies (Ossuary)
  2 worker ant zombies
  10 adders
  A hound simulacrum (D:11)
  4 river rats (D:9)
  2 shadow imps
  4 worms
  An adder skeleton (D:8)
  2 adder zombies (D:7)
  An ooze (D:4)
  69 orcs
  3 giant cockroaches
  5 goblins
  7 hobgoblins
  6 kobolds
  3 quokkas
  18 bats
  3 giant geckos
  A giant gecko skeleton (D:6)
  2 giant newts
  3 gnoll zombies (Ossuary)
  8 goblin zombies (D:11)
  A hobgoblin zombie (D:11)
  11 jackals
  A kobold zombie (Ossuary)
  An orc skeleton (D:11)
  17 orc zombies
  A quokka skeleton (D:4)
  15 rats
  A plant (D:9)
332 creatures vanquished.

Notes
Turn   | Place    | Note
--------------------------------------------------------------
     0 | D:1      | timbw, the Ghoul Fighter, began the quest for the Orb.
     0 | D:1      | Reached XP level 1. HP: 19/19 MP: 1/1
    74 | D:1      | Reached XP level 2. HP: 16/26 MP: 2/2
    92 | D:2      | Found a shattered altar of Ashenzari.
   130 | D:2      | Reached XP level 3. HP: 26/31 MP: 3/3
   171 | D:2      | Reached skill level 4 in Unarmed Combat
   188 | D:2      | Found a sparkling altar of Nemelex Xobeh.
   370 | D:4      | Reached XP level 4. HP: 14/38 MP: 3/3
   376 | D:4      | Reached skill level 5 in Unarmed Combat
   459 | D:5      | Entered Level 5 of the Dungeon
   544 | D:5      | Reached XP level 5. HP: 40/45 MP: 4/4
   613 | D:5      | Noticed an ogre
   628 | D:6      | Noticed Grinder
   638 | D:6      | Paralysed by Grinder for 5 turns
   662 | D:6      | Killed Grinder
   662 | D:6      | Reached skill level 7 in Unarmed Combat
   662 | D:6      | Reached XP level 6. HP: 39/51 MP: 5/5
   741 | D:6      | Found a runed door.
   782 | D:6      | Found a shadowy altar of Dithmenos.
   798 | D:6      | Noticed Edmund
   869 | D:6      | Killed Edmund
   869 | D:6      | Reached skill level 8 in Unarmed Combat
   869 | D:6      | Reached XP level 7. HP: 15/56 MP: 5/5
   960 | D:6      | Found Skiomaon's Armour Shop.
   985 | D:6      | Reached skill level 1 in Dodging
  1012 | D:6      | Noticed a black bear
  1022 | D:6      | Killed a black bear
  1303 | D:6      | Noticed a hill giant
  1313 | D:6      | Reached XP level 8. HP: 59/66 MP: 6/6
  1319 | D:6      | Killed a hill giant
  1319 | D:6      | Reached skill level 9 in Unarmed Combat
  1334 | D:6      | Noticed an ogre
  1335 | D:6      | Noticed Prince Ribbit
  1341 | D:6      | Killed an ogre
  1341 | D:6      | Reached skill level 5 in Fighting
  1353 | D:6      | Killed Prince Ribbit
  1545 | D:6      | Noticed a slave
  1557 | D:6      | Killed a slave
  1561 | D:6      | Noticed a slave
  1562 | D:6      | Noticed a slave
  1563 | D:6      | Noticed Pikel
  1563 | D:6      | Noticed a slave
  1578 | D:6      | Killed Pikel
  1578 | D:6      | Reached skill level 10 in Unarmed Combat
  1578 | D:6      | Reached XP level 9. HP: 35/75 MP: 7/7
  1731 | D:4      | Noticed Natasha
  1757 | D:4      | Killed Natasha
  1767 | D:4      | Noticed a hungry ghost
  1777 | D:4      | Killed a hungry ghost
  1815 | D:4      | Noticed a wyvern
  1815 | D:4      | Noticed a scorpion
  1823 | D:4      | Killed a wyvern
  1839 | D:4      | Killed a scorpion
  1839 | D:4      | Reached skill level 5 in Armour
  1840 | D:4      | Noticed Natasha
  1846 | D:4      | Killed Natasha
  1874 | D:4      | Noticed an ogre
  1888 | D:4      | Killed an ogre
  1995 | D:4      | Noticed Natasha
  1999 | D:4      | Killed Natasha
  2304 | D:7      | Found a staircase to the Ecumenical Temple.
  2313 | Temple   | Entered the Ecumenical Temple
  2360 | D:7      | Reached skill level 11 in Unarmed Combat
  2552 | D:7      | Found a glowing golden altar of the Shining One.
  2576 | D:7      | Found a sand-covered staircase.
  2588 | Ossuary  | Entered an ossuary
  2664 | Ossuary  | Noticed BLOAX's ghost (average DEFi)
  2688 | Ossuary  | Killed BLOAX's ghost
  2688 | Ossuary  | Reached XP level 10. HP: 36/84 MP: 7/7
  3369 | Temple   | Became a worshipper of Makhleb the Destroyer
  3451 | D:9      | Found a deep blue altar of Sif Muna.
  3452 | D:9      | Found a white marble altar of Elyvilon.
  3644 | D:9      | Acquired Makhleb's first power
  3687 | D:9      | Found a staircase to the Lair.
  3695 | D:9      | Reached skill level 5 in Dodging
  3827 | D:9      | Found a snail-covered altar of Cheibriados.
  3873 | D:9      | Found Qor Ulim's Magic Scroll Emporium.
  3885 | D:9      | Bought a scroll of teleportation for 45 gold pieces
  3885 | D:9      | Bought a scroll of vulnerability for 112 gold pieces
  3899 | D:9      | Bought a scroll of recharging for 142 gold pieces
  3997 | D:10     | Entered Level 10 of the Dungeon
  4134 | D:10     | Acquired Makhleb's second power
  4186 | D:10     | Reached skill level 12 in Unarmed Combat
  4443 | D:11     | Noticed Josephine
  4463 | D:11     | Killed Josephine
  4463 | D:11     | Reached XP level 11. HP: 75/94 MP: 8/8
  4563 | D:11     | Found a staircase to the Orcish Mines.
  4620 | D:11     | Acquired Makhleb's third power
  4658 | D:11     | Reached skill level 13 in Unarmed Combat
  4736 | Orc:1    | Entered Level 1 of the Orcish Mines
  4747 | Orc:1    | Acquired Makhleb's fourth power
  4994 | Orc:2    | Acquired Makhleb's fifth power
  5110 | Orc:3    | Noticed an orc knight
  5177 | Orc:4    | Entered Level 4 of the Orcish Mines
  5252 | Orc:4    | Noticed Saint Roka
  5566 | Orc:2    | Quit the game

Action                   |  1- 3 |  4- 6 |  7- 9 | 10-12 || total
-------------------------+-------+-------+-------+-------++-------
Melee: Unarmed           |    87 |   129 |   328 |   690 ||  1234
Throw: Tomahawk          |       |       |     1 |       ||     1
Invok: Greater Servant o |       |       |       |     1 ||     1
  Use: Scroll            |     4 |       |     6 |    13 ||    23
       Potion            |       |       |     4 |     1 ||     5
  Eat: Chunk             |     4 |     9 |    18 |    58 ||    89
